AoeStats
← oddswill

Arena

507188456Analyzed
2v2 RM · 14d ago on Sep 17, 2026· 75m 15s· 4 players
Game mode
Random Map
Map size
Medium (4 player)
Population
200
Speed
Normal
Resources
Standard
Victory
Conquest
Starting age
Dark Age
Ending age
Imperial Age
RankedLock teamsTeams togetherTeam positionsShared explorationLock speedFull tech treeHidden civsTurbo modeCheats
Victory
Defeat
🇺🇸 Mongols · United States
547
+19
🇺🇸 Khmer · United States
535
+19
🇲🇽 Teutons · Mexico
632
-20
🇲🇽 Italians · Mexico
573
-18
elkrlos3128
12:58 Feudal Age
14:10 Double-Bit Axe
14:12 Horse Collar
16:48 Fletching
17:18 Gold Mining
20:07 Stone Mining
22:15 Padded Archer Armor
25:04 Castle Age
26:48 Stone Shaft Mining
26:17 Heavy Plow
26:14 Crossbowman
27:09 Thumb Ring
27:04 Bodkin Arrow
27:48 Light Cavalry
30:58 Bow Saw
32:01 Leather Archer Armor
45:48 Imperial Age
45:01 Masonry
45:13 Forging
45:09 Squires
46:01 Caravan
48:02 Chemistry
48:22 Bracer
48:53 Ring Archer Armor
48:03 Arbalester
51:32 Wheelbarrow
52:51 Hand Cart
69:55 Iron Casting
73:21 Fortified Wall
emiliofausto1417
11:17 Feudal Age
15:45 Arson
15:57 Man-at-Arms
19:28 Forging
20:59 Scale Mail Armor
21:37 Horse Collar
24:03 Scale Barding Armor
26:40 Castle Age
24:58 Double-Bit Axe
25:06 Gold Mining
25:08 Stone Mining
27:52 Long Swordsman
29:13 Squires
29:59 Iron Casting
32:14 Chain Mail Armor
39:49 Bow Saw
40:43 Loom
44:46 Pikeman
46:02 Chain Barding Armor
47:42 Bloodlines
47:20 Gambesons
51:59 Imperial Age
52:07 Halberdier
52:08 Elite Teutonic Knight
53:54 Blast Furnace
58:46 Cavalier
62:34 Wheelbarrow
65:06 Plate Mail Armor
sadsciencee
6:44 Loom
11:23 Feudal Age
16:46 Castle Age
16:03 Double-Bit Axe
18:08 Wheelbarrow
17:53 Bow Saw
18:54 Horse Collar
23:05 Heavy Plow
23:39 Fletching
25:30 Bodkin Arrow
25:36 Padded Archer Armor
26:07 Crossbowman
27:44 Bloodlines
29:40 Leather Archer Armor
32:41 Thumb Ring
38:34 Imperial Age
36:20 Husbandry
38:14 Light Cavalry
39:24 Arbalester
40:06 Bracer
40:19 Forging
39:33 Hussar
42:55 Town Watch
44:59 Iron Casting
44:30 Scale Barding Armor
44:43 Gold Mining
45:14 Hand Cart
45:30 Murder Holes
45:57 Ballistics
45:51 Masonry
46:04 Ballistics
45:55 Masonry
46:54 Capped Ram
48:01 Conscription
48:02 Drill
48:08 Conscription
48:09 Drill
49:08 Siege Ram
50:43 Siege Engineers
51:33 Hoardings
74:07 Elite Mangudai
oddswill
10:31 Feudal Age
10:59 Double-Bit Axe
11:52 Wheelbarrow
13:33 Horse Collar
20:35 Castle Age
22:06 Hand Cart
21:53 Gold Mining
21:56 Stone Mining
22:05 Fletching
23:38 Gold Shaft Mining
23:21 Bow Saw
24:50 Bodkin Arrow
27:01 Stone Shaft Mining
27:12 Heavy Plow
26:42 Crossbowman
29:40 Bloodlines
29:33 Husbandry
30:34 Scale Barding Armor
30:52 Ballistics
31:23 Tusk Swords
33:30 Murder Holes
33:46 Masonry
34:00 Chain Barding Armor
37:28 Pikeman
39:34 Forging
39:25 Scale Mail Armor
39:26 Padded Archer Armor
38:52 Elite Skirmisher
42:15 Imperial Age
42:49 Arbalester
43:57 Elite Battle Elephant
46:35 Crop Rotation
46:52 Hoardings
46:38 Conscription
47:04 Plate Barding Armor
47:54 Herbal Medicine
49:37 Caravan
52:41 Light Cavalry
53:17 Halberdier
54:37 Iron Casting
54:18 Chain Mail Armor
55:18 Chemistry
54:50 Architecture
54:38 Leather Archer Armor
62:27 Double Crossbow
Connection lost

Rejoining the realm…

Still unreachable

The connection could not be restored.

Session expired

The server has moved on; the page needs a fresh start.